 Seeded DCSS version 0.24.0 (webtiles) character file.

Game seed: 12904354232074817611, levelgen mode: deterministic

56454 Auros the Cleaver (level 14, -4/91 HPs)
             Began as a Hill Orc Monk on Apr 6, 2020.
             Was an Elder of Beogh.
             Slain by a spatial vortex (15 damage)
             ... summoned by a spatial maelstrom
             ... on level 2 of the Abyss on Apr 12, 2020.
             The game lasted 02:44:05 (33143 turns).

Auros the Cleaver (Hill Orc Monk)                  Turns: 33143, Time: 02:44:06

Health: -4/91      AC: 24    Str: 14    XL:     14   Next: 81%
Magic:  0/23       EV:  7    Int: 10    God:    Beogh [****..]
Gold:   1360       SH:  6    Dex: 10    Spells: 13/13 levels left

rFire    . . .     SeeInvis +   W - +5 war axe (venom)
rCold    . . .     Gourm    .   j - +0 buckler
rNeg     . . .     Faith    .   e - +3 plate armour
rPois    .         Spirit   +   I - +2 helmet
rElec    .         Reflect  .   o - +2 cloak
rCorr    .         Harm     .   H - +1 pair of gloves
MR       +....     Rnd*Tele +   M - +0 pair of boots {Stlth+}
Stlth    ..........             E - amulet of guardian spirit
HPRegen  0.25/turn              O - ring of see invisible
MPRegen  0.18/turn              y - +2 ring of slaying

@: very slightly contaminated, hasted, studying Spellcasting, very quick
A: [blurry vision 3], [clumsy 2], [deformed body], [frail 3], [screaming 2],
teleportitis 1[+2], [weak 2]
a: Smiting, Recall Orcish Followers, Renounce Religion


You were on level 2 of the Abyss.
You worshipped Beogh.
Beogh was greatly pleased with you.
You were near starving.

You visited 4 branches of the dungeon, and saw 23 of its levels.
You visited the Abyss 1 time.

You collected 1490 gold pieces.
You spent 130 gold pieces at shops.

Inventory:

Hand Weapons
 q - a +0 trident of venom
 W - a +5 war axe of venom (weapon)
Missiles
 m - 12 curare-tipped darts (quivered)
Armour
 e - a +3 plate armour (worn)
 j - a +0 buckler (worn)
 o - a +2 cloak (worn)
 p - the +0 ring mail of Marbles {+Fly Str+4, unknown}
   (You found it on level 2 of the Abyss)

   It affects your strength (+4).
   It lets you fly.
 H - a +1 pair of gloves (worn)
 I - a +2 helmet (worn)
 M - a +0 pair of boots of stealth (worn)
Jewellery
 h - an uncursed amulet of the acrobat
 r - the amulet of the Queen {Inacc MR++}
   (You found it on level 2 of the Lair of Beasts)

   [amulet of inaccuracy]

   It reduces the accuracy of all your attacks.
   It affects your resistance to hostile enchantments.
 y - a +2 ring of slaying (right hand)
 E - an amulet of guardian spirit (around neck)
 O - a ring of see invisible (left hand)
Wands
 b - a wand of disintegration (13)
 S - a wand of digging (4)
 U - a wand of flame (19)
 X - a wand of random effects (31)
Scrolls
 c - 9 scrolls of remove curse
 d - 2 scrolls of torment
 i - 5 scrolls of identify
 k - a scroll of blinking
 B - 3 scrolls of immolation
 L - 2 scrolls of magic mapping
 Q - 2 scrolls of fear
Potions
 f - 2 potions of heal wounds
 g - 2 potions of curing
 l - a potion of lignification
 s - 2 potions of ambrosia
 w - 2 potions of cancellation
 D - a potion of magic
 K - 2 potions of mutation
 P - 2 potions of agility
 R - a potion of berserk rage
 T - 3 potions of flight
 V - 2 potions of might
 Y - 2 potions of resistance
Books
 C - a manual of Spellcasting
Miscellaneous
 a - a lamp of fire (inert)
Comestibles
 z - 23 rations


   Skills:
 + Level 13.7 Fighting
 - Level 14.2 Axes
 + Level 12.2 Armour
 + Level 8.3 Dodging
 - Level 1.9 Stealth
 + Level 11.0 Shields
 + Level 12.6 Invocations


You had 13 spell levels left.
You didn't know any spells.
Your spell library contained the following spells:

 Spells                   Type           Power        Failure   Level  Hunger
 Magic Dart               Conj           #...         100%        1    ##.....
 Searing Ray              Conj           #.....       100%        2    ###....
 Dazzling Spray           Conj/Hex       #.....       100%        3    ####...
 Force Lance              Conj/Tloc      #.......     100%        4    #####..
 Fulminant Prism          Conj/Hex       #.........   100%        4    #####..
 Iskenderun's Mystic Bla  Conj           #.......     100%        4    #####..


Dungeon Overview and Level Annotations

Branches:
Dungeon (13/15)            Temple (0/1) D:6            Lair (6/6) D:11
  Swamp (2/4) Lair:2        Snake (0/4) Lair:3        Slime (0/5) Lair:5
    Orc (2/2) D:9
    Elf: Orc:2       Vaults: D:13-14

Altars:
Cheibriados
Dithmenos
Elyvilon
Fedhas
Kikubaaqudgha
Okawaru
Qazlal
Vehumet
Zin
Jiyva

Shops:
D:10 !   Orc:1 [

Annotations:
D:3 3 runed translucent doors, Auros's ghost, amateur MfFi
Lair:4 3 runed translucent doors, Aricsoirch's ghost, journeyman GrFi; Murgh's ghost, journeyman MiBe; Odimp's ghost, journeyman KoWn; Vufrucs's ghost, journeyman DrTm
Lair:5 3 runed translucent doors, Bolunijamo's ghost, journeyman GnFi
Lair:6 exclusion: oklob plant
Swamp:1 Louise


Innate Abilities, Weirdness & Mutations

[Scrolls take you much longer to read.]
[You are very clumsy. (Dex -4)]
[Armour fits poorly on your strangely shaped body.]
[You are extremely frail. (-30% HP)]
[You sometimes yell uncontrollably at your foes.]
[You are often teleported next to monsters.]
[You are very weak. (Str -4)]


Message History

A spatial vortex comes into view.
The spatial vortex moves out of view.
A spatial vortex comes into view.
A spatial vortex comes into view. x2
A spatial vortex comes into view.
The spatial maelstrom hits you but does no damage.
The spatial maelstrom hits you!
* * * LOW HITPOINT WARNING * * *
Space bends around you.
* * * LOW HITPOINT WARNING * * *
You feel better.
You are near starving!
The spatial maelstrom hits you but does no damage.
You block the spatial maelstrom's attack.
You feel yourself speed up.
The spatial maelstrom hits you but does no damage. x2
The spatial vortex hits you.
* * * LOW HITPOINT WARNING * * *
Space warps horribly around you!
You die...

. ####.... #.# #
.##.#3#....... #
###.#.....### .
. #...#D#.## ..
. . #....##.
.... .# #.....#
## .#.
#...####..###.#.
#..
#....v#...#... .
....#.#@vv....#
## #
#...###.##..#.#
#...#v. ..# ..##
##. ##. #.. ##
#. #. ..#. . ##
... . # #


You could see a bone dragon, a spatial maelstrom, 3 spatial vortices and a smoke
demon.

Vanquished Creatures
  Snorg (D:11)
  4 hydras
  7 alligators
  6 death yaks (Lair:6)
  2 two-headed ogres
  An orc high priest (Orc:1)
  2 thrashing horrors (Abyss:2)
  Nergalle (D:9)
  An unseen horror (D:12)
  An ugly thing (D:11)
  2 manticores
  3 black mambas
  Joseph (D:7)
  5 torpor snails (Lair:6)
  7 spiny frogs
  6 komodo dragons
  A troll (D:7)
  7 polar bears
  3 tyrant leeches
  9 dream sheep
  9 hippogriffs
  5 hornets (Lair:6)
  A bog body (Lair:2)
  10 blink frogs
  2 slime creatures (D:12)
  2 shadows
  A wyvern (Lair:1)
  14 spriggans (Lair:6)
  21 yaks
  A basilisk (Lair:4)
  2 hungry ghosts
  4 swamp worms
  2 wargs (D:9)
  13 water moccasins
  2 nagas (Lair:3)
  A soldier ant (D:13)
  9 porcupines
  A swamp drake (Swamp:2)
  5 black bears
  A hornet zombie (D:9)
  2 slaves (D:6)
  5 ogres
  A phantom (D:9)
  3 orc warriors
  4 centaurs
  3 boggarts (Lair:6)
  An ice beast (D:8)
  30 wolves
  11 crocodiles
  A big kobold (D:10)
  8 bullfrogs
  A wyvern skeleton (D:9)
  2 scorpions
  6 killer bees
  3 wights
  3 howler monkeys
  An electric eel (Lair:2)
  A crimson imp (D:8)
  A quasit (D:12)
  A jelly (D:10)
  9 orc priests
  2 centaur zombies
  5 hounds
  A centaur skeleton (D:7)
  4 bullfrog skeletons
  8 orc wizards
  A worker ant (D:8)
  6 iguanas
  2 hound skeletons
  A worker ant zombie (D:10)
  6 gnolls
  11 adders
  A shadow imp (D:11)
  An ooze (D:3)
  An adder zombie (D:5)
  3 worms
  A dart slug (D:4)
  7 leopard geckos
  9 orcs
  3 ball pythons
  8 giant cockroaches
  6 goblins
  11 hobgoblins
  13 jackals
  21 kobolds
  6 quokkas
  9 bats
  5 frilled lizards
  A jackal skeleton (D:8)
  A quokka skeleton (D:6)
  15 rats
  2 fungi
444 creatures vanquished.

Vanquished Creatures (collateral kills)
  An orc knight (D:9)
  Pikel (D:6)
  5 oklob plants (Lair:6)
  A manticore (D:11)
  A cyclops (D:11)
  3 elephants (Lair:6)
  A spiny frog (Lair:2)
  A centaur skeleton (D:13)
  A komodo dragon (D:11)
  3 trolls
  A bog body (Lair:2)
  2 slime creatures (D:12)
  A blink frog (Lair:2)
  2 wyverns
  2 wraiths
  7 yaks
  A warg (D:9)
  A swamp worm (Lair:2)
  2 water moccasins
  2 orc warriors (D:9)
  A phantom (D:9)
  A necrophage (D:10)
  A slave (D:6)
  2 ogres
  A crocodile (Lair:1)
  2 big kobolds
  3 scorpions
  4 killer bees
  2 crimson imps
  A bullfrog zombie (D:6)
  A hound (D:10)
  3 orc priests
  An orc wizard (D:12)
  3 worker ants
  A hound zombie (D:9)
  An adder (D:5)
  7 orcs
  A jackal (D:8)
  A rat zombie (D:6)
  2 fungi (Lair:6)
78 creatures vanquished.

Vanquished Creatures (others)
  An orc high priest (Lair:6)
  An orc warrior (D:11)
  A fire bat (Abyss:2)
  4 orc priests
  3 orc wizards
  2 gnolls (D:3)
  15 orcs
  A frilled lizard (D:3)
  7 fungi
  12 plants
  4 starspawn tentacles (Abyss:2)
51 creatures vanquished.

Grand Total: 573 creatures vanquished

Notes
Turn   | Place    | Note
-------+----------+-------------------------------------------
     0 | D:1      | Auros the Hill Orc Monk began the quest for the Orb.
     0 | D:1      | Reached XP level 1. HP: 19/19 MP: 1/1
    79 | D:1      | Reached XP level 2. HP: 22/27 MP: 2/2
   515 | D:1      | Reached XP level 3. HP: 33/33 MP: 3/3
   917 | D:2      | Reached skill level 5 in Axes
   939 | D:2      | Reached XP level 4. HP: 10/40 MP: 4/4
   975 | D:2      | HP: 2/40 [poisoned by an adder]
  1254 | D:2      | Reached skill level 6 in Axes
  2023 | D:3      | Became a worshipper of Beogh the Brigand
  2023 | D:3      | Reached * piety under Beogh
  2023 | D:3      | Reached ** piety under Beogh
  2124 | D:3      | Reached XP level 5. HP: 43/46 MP: 5/5
  2278 | D:3      | Found a runed translucent gate.
  2279 | D:3      | Found a runed translucent gate.
  2280 | D:3      | Found a runed translucent gate.
  2283 | D:3      | Noticed Auros's ghost (amateur MfFi)
  2522 | D:3      | Reached skill level 7 in Axes
  3692 | D:2      | Reached skill level 8 in Axes
  3802 | D:3      | Reached XP level 6. HP: 52/52 MP: 6/6
  3961 | D:4      | Found a snail-covered altar of Cheibriados.
  4058 | D:4      | Reached *** piety under Beogh
  4427 | D:4      | Found an iron altar of Okawaru.
  4499 | D:4      | Reached skill level 9 in Axes
  4646 | D:5      | Entered Level 5 of the Dungeon
  5057 | D:5      | Reached XP level 7. HP: 11/59 MP: 7/7
  5593 | D:5      | Found a radiant altar of Vehumet.
  5594 | D:5      | Found a glowing silver altar of Zin.
  5885 | D:5      | Reached skill level 10 in Axes
  6065 | D:5      | HP: 1/59 [orc priest/divine providence (7)]
  6410 | D:6      | Gained Morun as an ally
  6432 | D:6      | Found a staircase to the Ecumenical Temple.
  6455 | D:6      | Reached skill level 11 in Axes
  6621 | D:6      | Found an ancient bone altar of Kikubaaqudgha.
  6656 | D:6      | Found a stormy altar of Qazlal.
  6738 | D:6      | Reached XP level 8. HP: 46/66 MP: 8/8
  7223 | D:6      | Gained Bladwarg as an ally
  8142 | D:6      | Reached skill level 12 in Axes
  8334 | D:7      | Noticed Pikel
  8736 | D:6      | Killed Pikel
  8736 | D:6      | Reached skill level 13 in Axes
  9396 | D:7      | Paralysed by fainting for 11 turns
  9764 | D:7      | Noticed a hippogriff
  9785 | D:7      | Killed a hippogriff
  9785 | D:7      | Reached skill level 14 in Axes
  9785 | D:7      | Reached XP level 9. HP: 65/71 MP: 7/9
  9816 | D:7      | Found a stormy altar of Qazlal.
  9819 | D:7      | Found a blossoming altar of Fedhas.
 10012 | D:7      | Noticed Joseph
 10043 | D:7      | Killed Joseph
 10249 | D:7      | Found a white marble altar of Elyvilon.
 10327 | D:7      | Reached skill level 1 in Shields
 10427 | D:8      | Noticed a troll
 11415 | D:7      | Killed a troll
 11920 | D:8      | Reached skill level 1 in Armour
 12545 | D:8      | Reached **** piety under Beogh
 12573 | D:8      | Reached skill level 5 in Fighting
 12982 | D:9      | Found a shadowy altar of Dithmenos.
 13155 | D:9      | Reached XP level 10. HP: 73/83 MP: 10/13
 13371 | D:9      | Gained mutation: [You are clumsy. (Dex -2)] [potion of
                  | mutation]
 13371 | D:9      | Lost mutation: [You are clumsy. (Dex -2)] [potion of
                  | mutation]
 13813 | D:9      | Found a staircase to the Orcish Mines.
 13904 | D:9      | Reached skill level 5 in Armour
 14286 | D:10     | Entered Level 10 of the Dungeon
 14837 | D:10     | Noticed a two-headed ogre
 14844 | D:10     | Killed a two-headed ogre
 15393 | D:10     | Found Jaumir's Distillery.
 15395 | D:10     | Bought a potion of cancellation for 80 gold pieces
 15395 | D:10     | Bought a potion of berserk rage for 50 gold pieces
 15767 | D:11     | Noticed a cyclops
 15930 | D:11     | Killed a cyclops
 16180 | D:11     | Noticed a manticore
 16188 | D:11     | Killed a manticore
 16188 | D:11     | Reached skill level 5 in Invocations
 16188 | D:11     | Reached XP level 11. HP: 75/97 MP: 14/14
 16411 | D:11     | Noticed a manticore
 16425 | D:11     | Killed a manticore
 16425 | D:11     | Reached skill level 5 in Shields
 16536 | D:11     | Noticed Snorg
 16544 | D:11     | Your ally Morun died
 16549 | D:11     | Killed Snorg
 16940 | D:11     | Found a stormy altar of Qazlal.
 16963 | D:11     | Noticed a two-headed ogre
 16971 | D:11     | Killed a two-headed ogre
 17081 | D:11     | Noticed a brown ugly thing
 17097 | D:11     | Killed a brown ugly thing
 17223 | D:11     | Found a staircase to the Lair.
 17761 | Lair:1   | Entered Level 1 of the Lair of Beasts
 18110 | Lair:1   | Reached skill level 10 in Fighting
 18958 | Lair:2   | Got a glittering pewter amulet
 18960 | Lair:2   | Identified the amulet of the Queen {Inacc MR++} (You found
                  | it on level 2 of the Lair of Beasts)
 20269 | Lair:2   | Reached XP level 12. HP: 105/107 MP: 17/17
 20279 | Lair:2   | Gained Alork as an ally
 20280 | Lair:2   | Found a staircase to the Swamp.
 20573 | Lair:2   | Reached skill level 5 in Dodging
 21059 | D:12     | Gained Bogfrid as an ally
 21926 | Lair:3   | You fall into a shaft and drop 2 floors!
 22194 | Lair:5   | Noticed a four-headed hydra
 22198 | Lair:5   | Killed a four-headed hydra
 22515 | Lair:4   | Found a runed translucent gate.
 22515 | Lair:4   | Found a runed translucent gate.
 22515 | Lair:4   | Found a runed translucent gate.
 22517 | Lair:4   | Noticed Aricsoirch's ghost (journeyman GrFi)
 22517 | Lair:4   | Noticed Vufrucs's ghost (journeyman DrTm)
 22518 | Lair:4   | Noticed Murgh's ghost (journeyman MiBe)
 22519 | Lair:4   | Noticed Odimp's ghost (journeyman KoWn)
 22582 | Lair:4   | Noticed a five-headed hydra
 22587 | Lair:4   | Killed a five-headed hydra
 22587 | Lair:4   | Reached skill level 10 in Armour
 23244 | Lair:3   | You fall into a shaft and drop 3 floors!
 23244 | Lair:6   | Entered Level 6 of the Lair of Beasts
 23244 | Lair:6   | Noticed a five-headed hydra
 23247 | Lair:6   | Killed a five-headed hydra
 23247 | Lair:6   | Reached XP level 13. HP: 117/117 MP: 20/20
 23271 | Lair:6   | Reached skill level 10 in Invocations
 25089 | Lair:5   | Found a viscous altar of Jiyva.
 25089 | Lair:5   | Found a staircase to the Slime Pits.
 25105 | Lair:5   | Found a runed translucent gate.
 25128 | Lair:5   | Found a runed translucent gate.
 25128 | Lair:5   | Found a runed translucent gate.
 25532 | Lair:5   | Noticed Bolunijamo's ghost (journeyman GnFi)
 25859 | Lair:6   | Reached XP level 14. HP: 112/127 MP: 22/22
 25927 | Lair:6   | Reached skill level 10 in Shields
 26660 | Lair:3   | Found a staircase to the Snake Pit.
 28076 | Lair:6   | Found a snail-covered altar of Cheibriados.
 28810 | Lair:6   | Your ally Bladwarg died
 29249 | D:11     | Reached ***** piety under Beogh
 29586 | D:12     | Found a stormy altar of Qazlal.
 30022 | D:12     | Got a spiked scale mail
 30023 | D:12     | Identified the +2 scale mail of Lariwy {SInv} (You found it
                  | on level 12 of the Dungeon)
 30263 | Orc:1    | Entered Level 1 of the Orcish Mines
 30263 | Orc:1    | Noticed Nergalle
 30469 | D:9      | Killed Nergalle
 30911 | Orc:1    | Found Suckafix's Armour Shoppe.
 30955 | Orc:1    | Gained mutation: [You are occasionally teleported next to
                  | monsters.] [a neqoxec]
 31121 | Orc:2    | Entered Level 2 of the Orcish Mines
 31682 | Swamp:1  | Entered Level 1 of the Swamp
 31694 | Swamp:1  | Gained Arbolt as an ally
 32320 | Swamp:1  | Your ally Arbolt died
 32789 | Swamp:1  | Noticed Louise
 32823 | Swamp:1  | Cast into level 2 of the Abyss (Louise)
 32892 | Abyss:2  | Got a bloodstained ring mail
 32908 | Abyss:2  | Noticed a starcursed mass
 32922 | Abyss:2  | Noticed a daeva
 32974 | Abyss:2  | Noticed a lorocyproca
 32992 | Abyss:2  | Noticed a lorocyproca
 32994 | Abyss:2  | Noticed a hellephant
 33095 | Abyss:2  | Noticed a tentacled starspawn
 33119 | Abyss:2  | Noticed a bone dragon
 33120 | Abyss:2  | Noticed a starcursed mass
 33141 | Abyss:2  | HP: 3/91 [spatial maelstrom (3)]
 33143 | Abyss:2  | Slain by a spatial vortex

Levels and vault maps discovered:
D:1:      tarquinn_simple_flora_water_f, layout_basic
D:2:      layout_loops_corners
D:3:      layout_basic, gammafunk_ghost_necromancy, nrook_campfire,
          chequers_serial_rivers_large_a, patterned_corridor
D:4:      layout_rooms, okawaru_trees_2, lemuel_round_altar, first_ration,
          minmay_manual_mail
D:5:      kennysheep_big_flooded_room, layout_cave_pods,
          chequers_temple_overflow_statue_of_worship
D:6:      layout_loops_ring, lemuel_zombie_altar_kikubaaqudgha,
          minmay_temple_entry_stoned_glass, minmay_door_square,
          corexii_item_surrounded_by_moat, grunt_qazlal_clouds
D:7:      layout_basic, grunt_temple_overflow_forces_of_nature,
          lemuel_round_altar, uniq_joseph, uniq_pikel
D:8:      layout_cave_pools, kennysheep_small_spiral
D:9:      layout_loops_ring, nicolae_dithmenos_shadow_blocks, david_orc_1_choice
D:10:     layout_irregular_city, serial_shops, shop
D:11:     layout_stronghold, david_lair_shrubbed, basic_altar, uniq_snorg
D:12:     layout_small_grid, basic_altar, due_unseen_surprise
D:13:     layout_layer_cave, serial_shops, shop_fountains, uniq_nessos
Lair:1:   layout_regular_city
Lair:2:   layout_cave_pods, nicolae_swamp_entry_splash_gauntlet
Lair:3:   layout_regular_city, guppyfry_snake_entry_island, minivault_25
Lair:4:   layout_loops_ring, gammafunk_ghost_cemetery, grunt_megastairs_2
Lair:5:   layout_small_grid, slime_altar_1, gammafunk_ghost_necromancy,
          beast_lair_carwin_11
Lair:6:   minmay_lair_end_enchanted_forest, layout_small_grid,
          kennysheep_snail_temple, minmay_lair_oklob_chamber
Swamp:1:  layout_basic_swamp, evilmike_swamp_ruin_house_1, uniq_jorgrun,
          uniq_louise
Swamp:2:  layout_basic_swamp, evilmike_swamp_ruin_house_3
Orc:1:    layout_diamond_mine, serial_shops, shop, uniq_josephine,
          uniq_nergalle, uniq_fannar
Orc:2:    st_orc_congregation, layout_caves, nicolae_orc_damp_corner
Abyss:2:  guppyfry_abyss_exit_glass_guarded, evilmike_abyss_exit_16,
          evilmike_abyss_exit_6, serial_sigils_hangedman_snap,
          evilmike_abyss_exit_vortex, serial_sigils_hangedman_snap
